 Dungeon Sprint DCSS version 0.31-a0-846-gb3bcc0d938 (webtiles) character file.

Game seed: 13109630373386132917

4790 sircluck the Grappler (level 10, -6/175 HPs)
             Began as a Troll Berserker on Oct 3, 2023.
             Was a High Priest of Trog.
             Mangled by a spriggan defender
             ... wielding a +2 lajatang of speed
              (37 damage)
             ... in the Dungeon (Sprint IV: "Fedhas' Mad Dash").
             The game lasted 00:03:27 (1226 turns).

sircluck the Grappler (Troll Berserker)             Turns: 1226, Time: 00:03:28

Health: -6/175     AC:  4    Str: 31    XL:     10   Next: 24%
Magic:  9/9        EV: 13    Int:  3    God:    Trog [*****.]
Gold:   211        SH:  0    Dex:  9    Spells: 9/9 levels left

rFire   . .          .
                       - Unarmed
rCold   . . .        (no shield)
rNeg    . . .        a - +0 animal skin
rPois   .            (helmet restricted)
rElec   .            (no cloak)
rCorr   .            (gloves unavailable)
SInv    .            (boots unavailable)
Will    .....        h - amulet of invisibility {+Inv} Stlth
                     (no ring)
HPRegen 1.29/turn    (no ring)
MPRegen 0.11/turn

%: no teleportation
@: berserking, very quick
A: large, unfitting armour, claws 3, regeneration 1, shaggy fur 1, tough skin 1
a: Renounce Religion, Evoke Invisibility, Berserk, Trog's Hand, Brothers in Arms


You were in the Dungeon.
You worshipped Trog.
Trog was extremely pleased with you.
You visited 1 branch You collected 211 gold pieces.

Inventory:

Armour
 a - a +0 animal skin (worn)
Jewellery
 h - the amulet of invisibility (around neck) {+Inv}
   (You found it in the Dungeon)

   [amulet of nothing]

   +Inv:      It lets you turn invisible.
Potions
 b - a potion of curing
 c - a potion of heal wounds
 d - 2 potions of haste
 e - 2 potions of magic
 f - a potion of berserk rage
 j - a potion of invisibility {unknown}
Miscellaneous
 i - a condenser vane (inert)


   Skills:
 + Level 12.4 Fighting
 + Level 12.2 Dodging
 + Level 14.3 Unarmed Combat


You had 9 spell levels left.
You didn't know any spells.
Your spell library was empty.

Dungeon Overview and Level Annotations

Branches:
Dungeon (1/1)

Altars:
Cheibriados
Dithmenos
Elyvilon
Gozag
Hepliaklqana
Kikubaaqudgha
Makhleb
Nemelex Xobeh
Okawaru
Qazlal
Ru
Sif Muna
Trog
Uskayaw
Vehumet
Wu Jian
Xom
Yredelemnul
Zin
The Shining One
Jiyva
Lugonu

Shops:
D [![*[(

Annotations:
D exclusion: 2 oklob plants


Innate Abilities, Weirdness & Mutations

You are too large for most types of armour.
You have claws for hands.
Your natural rate of healing is unusually fast.
You are covered in fur. (AC +1)
You have tough skin. (AC +1)


Message History

The cerulean imp is severely wounded.
You claw the cerulean imp!
You kill the cerulean imp!
The cerulean imp disappears in a puff of smoke!
You start resting.
HP restored.
You see here a +0 robe.
Found Niyppiupt's Assorted Antiques.
A spriggan defender comes into view. It is wielding a +2 lajatang of speed.
Found an illuminated book.
The spriggan defender closely misses you.
You miss the spriggan defender.
The spriggan defender hits you with a +2 lajatang of speed!!!
The spriggan defender hits you with a +2 lajatang of speed!
You claw the spriggan defender!
The spriggan defender is lightly wounded.
The spriggan defender hits you with a +2 lajatang of speed!
The spriggan defender hits you with a +2 lajatang of speed.
Blink to where?
Press: ? - help, Q - select action, (/) - cycle Dir - move target
As you read the scroll of blinking, it crumbles to dust.
Clouds condense from the air!
The condenser dries out!
Your ogre goes berserk!
The spriggan defender hits your ogre with a +2 lajatang of speed!
The spriggan defender hits your ogre with a +2 lajatang of speed!!!
Your ogre dies!
Your ogre's corpse disappears in a puff of smoke!
A red film seems to cover your vision as you go berserk!
You feel yourself moving faster!
You feel mighty!
The spriggan defender hits you with a +2 lajatang of speed!!
You claw the spriggan defender!
The spriggan defender is moderately wounded.
The spriggan defender hits you with a +2 lajatang of speed!!
* * * LOW HITPOINT WARNING * * *
The spriggan defender hits you with a +2 lajatang of speed.
* * * LOW HITPOINT WARNING * * *
You closely miss the spriggan defender. Your claw misses the spriggan defender.
The spriggan defender is lightly wounded.
The spriggan defender hits you with a +2 lajatang of speed!!!
You die...

#'##.._._._._._..#..##∩∩†'...####
...#._._._._._.⌠.#############
...###################..P.[
####♣♣♣♣♣..♣.###.'.%'.....?
.)'......♣..♣##:.#).#.P....
..#♣..♣♣♣.♣).###.##)# .P.P.
..#.♣♣..♣...♣'...#♣[♣######
##################.....####
#@i♣..♣....# #...♣....§§♣...♣
........♣....§∩.∩...:
..####################


You could see a spriggan defender.

Vanquished Creatures
  Agnes (D)
  A spriggan berserker (D)
  A spriggan druid (D)
  3 oklob plants (D)
  A queen bee (D)
  3 burning bushes (D)
  3 wandering mushrooms (D)
  3 scorpions (D)
  4 killer bees (D)
  5 oklob saplings (D)
  2 spriggans (D)
  A river rat (D)
  A rat (D)
29 creatures vanquished.

Vanquished Creatures (others)
  A ballistomycete spore (D)
1 creature vanquished.

Grand Total: 30 creatures vanquished

Notes
Turn   | Place    | Note
-------+----------+-------------------------------------------
     0 | D        | sircluck the Troll Berserker began the quest for the Orb.
     0 | D        | Reached XP level 1. HP: 22/22 MP: 0/0
     8 | D        | Reached XP level 2. HP: 26/31 MP: 1/1
    16 | D        | Noticed an oklob sapling
    19 | D        | Killed an oklob sapling
    19 | D        | Reached ** piety under Trog
    20 | D        | Reached skill level 4 in Unarmed Combat
    20 | D        | Reached XP level 3. HP: 17/39 MP: 2/2
    41 | D        | Noticed a scorpion
    41 | D        | Found the amulet of invisibility {+Inv}
    44 | D        | Killed a scorpion
    45 | D        | Reached skill level 5 in Unarmed Combat
    45 | D        | Reached XP level 4. HP: 46/49 MP: 3/3
    67 | D        | Reached skill level 5 in Fighting
    67 | D        | Reached skill level 5 in Dodging
    67 | D        | Reached skill level 6 in Unarmed Combat
    91 | D        | Noticed a queen bee
    99 | D        | Reached XP level 5. HP: 59/59 MP: 4/4
   105 | D        | Reached *** piety under Trog
   106 | D        | Reached skill level 7 in Unarmed Combat
   115 | D        | Killed a queen bee
   116 | D        | Reached skill level 9 in Unarmed Combat
   116 | D        | Reached XP level 6. HP: 6/71 MP: 5/5
   187 | D        | Noticed an oklob plant
   192 | D        | Killed an oklob plant
   192 | D        | Reached **** piety under Trog
   193 | D        | Reached skill level 10 in Unarmed Combat
   193 | D        | Reached XP level 7. HP: 65/81 MP: 6/6
   217 | D        | Noticed a burning bush
   222 | D        | Killed a burning bush
   223 | D        | Reached XP level 8. HP: 83/92 MP: 7/7
   235 | D        | Noticed a burning bush
   235 | D        | Noticed an oklob plant
   236 | D        | Noticed a wandering mushroom
   243 | D        | Killed a burning bush
   244 | D        | Reached skill level 11 in Unarmed Combat
   341 | D        | Killed an oklob plant
   342 | D        | Reached skill level 10 in Fighting
   342 | D        | Reached skill level 10 in Dodging
   393 | D        | Noticed a spriggan druid
   399 | D        | Killed a spriggan druid
   399 | D        | Reached ***** piety under Trog
   400 | D        | Reached skill level 12 in Unarmed Combat
   400 | D        | Reached XP level 9. HP: 102/102 MP: 8/8
   455 | D        | Found an opulent altar of Gozag.
   455 | D        | Found a hazy altar of Hepliaklqana.
   455 | D        | Found a burning altar of Makhleb.
   455 | D        | Found a sparkling altar of Nemelex Xobeh.
   455 | D        | Found a snail-covered altar of Cheibriados.
   455 | D        | Found a sacrificial altar of Ru.
   455 | D        | Found a shimmering blue altar of Sif Muna.
   455 | D        | Found a shimmering altar of Xom.
   455 | D        | Found a basalt altar of Yredelemnul.
   456 | D        | Found a viscous altar of Jiyva.
   456 | D        | Found a bloodstained altar of Trog.
   456 | D        | Found an ornate altar of the Wu Jian Council.
   457 | D        | Found an iron altar of Okawaru.
   457 | D        | Found a shadowy altar of Dithmenos.
   457 | D        | Found a glowing silver altar of Zin.
   458 | D        | Found an ancient bone altar of Kikubaaqudgha.
   458 | D        | Found a hide-covered altar of Uskayaw.
   459 | D        | Found a stormy altar of Qazlal.
   459 | D        | Found a white marble altar of Elyvilon.
   459 | D        | Found a glowing golden altar of the Shining One.
   460 | D        | Found a corrupted altar of Lugonu.
   460 | D        | Found a radiant altar of Vehumet.
   546 | D        | Found Rozecul's Distillery.
   546 | D        | Found Pitwal's Armour Emporium.
   553 | D        | Noticed a burning bush
   553 | D        | Noticed a wandering mushroom
   790 | D        | Received a gift from Trog
   821 | D        | Noticed a wandering mushroom
   891 | D        | Reached skill level 13 in Unarmed Combat
   913 | D        | Killed a burning bush
   915 | D        | Found Orerotif's Antique Weapon Emporium.
   915 | D        | Found Osiokyud's Antique Armour Shoppe.
   984 | D        | Noticed an oklob plant conjurer
   990 | D        | Killed an oklob plant conjurer
  1059 | D        | Noticed Agnes
  1067 | D        | Killed Agnes
  1068 | D        | Reached skill level 14 in Unarmed Combat
  1068 | D        | Reached XP level 10. HP: 89/115 MP: 9/9
  1081 | D        | Noticed a spriggan berserker
  1102 | D        | Noticed a death yak
  1105 | D        | Killed a spriggan berserker
  1174 | D        | Noticed an oklob plant
  1174 | D        | Noticed an oklob plant summoner
  1185 | D        | Found Nuciy's Armour Emporium.
  1210 | D        | Found Niyppiupt's Assorted Antiques.
  1213 | D        | Noticed a spriggan defender
  1226 | D        | Mangled by a spriggan defender

Illustrated notes

Levels and vault maps discovered:
D:        dungeon_sprint_fedhas [sprint_temple]

Skill      XL: |  1  2  3  4  5  6  7  8  9 10 |
---------------+-------------------------------+-----
Fighting       | 3 4 5 7 8 9 10 12 | 12.4
Dodging        | 3 4 5 7 8 9 10 11 12 | 12.2
Unarmed Combat | 4 5 6 9 10 12 14 | 14.3

Action                     |  1- 3 |  4- 6 |  7- 9 | 10-12 || total
---------------------------+-------+-------+-------+-------++-------
  Melee: Unarmed           |     8 |    26 |    64 |    16 ||   114
         Punch             |     1 |       |     7 |       ||     8
 Invoke: Berserk           |       |     1 |     2 |     1 ||     4
         Brothers in Arms  |       |       |       |     1 ||     1
  Evoke: Condenser vane    |       |       |       |     1 ||     1
    Use: Scroll            |       |       |       |     1 ||     1
 Armour: Animal skin       |     3 |    17 |    49 |    15 ||    84
  Dodge: Dodged            |     1 |     6 |    26 |     4 ||    37

Table legend: (Time is in decaauts)
 A = Elapsed time spent in this place.
 B = Non-inter-level travel time spent in this place.
 C = Inter-level travel time spent in this place.
 D = Time resting spent in this place.
 E = Time spent auto-exploring this place.
 F = Levels seen in this place.
 G = Mean time per level.
                   A        B        C        D        E       F      G
               +--------+--------+--------+--------+--------+-----+--------+
         Total |   1225 |   1196 |     29 |    703 |    155 |   1 | 1225.0 |
       Dungeon |   1225 |   1196 |     29 |    703 |    155 |   1 | 1225.0 |
               +--------+--------+--------+--------+--------+-----+--------+

Top non-repeatable levels by time:
       D: 1225 daAuts
